 Dungeon Crawl Stone Soup version 0.29-a0-821-g66395355a5 (webtiles) character file.

Game seed: 7284023535547480779

47 flotson the Sneak (level 3, 0/29 HPs)
             Began as a Demonspawn Delver on July 7, 2022.
             Killed from afar by Natasha (11 damage)
             ... with a magic dart
             ... on level 2 of the Dungeon.
             The game lasted 00:02:21 (878 turns).

flotson the Sneak (Demonspawn Delver)                Turns: 878, Time: 00:02:22

Health: 0/29       AC:  5    Str: 14    XL:     3   Next: 48%
Magic:  3/3        EV: 11    Int: 11    God:
Gold:   53         SH:  0    Dex: 14    Spells: 2/2 levels left

rFire   . . .      SeeInvis .   a - +0 spear
rCold   . . .      Faith    .   (no shield)
rNeg    . . .      Spirit   .   h - +0 ring mail
rPois   .          Reflect  .   (helmet restricted)
rElec   .          Harm     .   (no cloak)
rCorr   .          Rampage  .   (no gloves)
Will    .....                   (no boots)
Stlth   ++........              (no amulet)
HPRegen 0.09/turn               (no ring)
MPRegen 0.08/turn               (no ring)

@: slowed, very slow
A: antennae 1, sturdy frame 1
a: no special abilities


You were on level 2 of the Dungeon.
You visited 1 branch of the dungeon, and saw 4 of its levels.

You collected 53 gold pieces.

Inventory:

Hand Weapons
 a - a +0 spear (weapon)
 b - a +0 sling
Armour
 h - a +0 ring mail (worn)
Wands
 f - a wand of polymorph (4)
 g - a wand of digging (2)
Scrolls
 c - a scroll of fog
 e - a scroll of fear
 k - a scroll of brand weapon {unknown}
Potions
 d - a potion of lignification {unknown}
 i - a potion of brilliance {unknown}
 j - a potion of cancellation {unknown}


   Skills:
 + Level 3.2 Fighting
 + Level 0.8(1.4) Axes
 - Level 1.7(1.9) Polearms
 + Level 0.9 Armour
 + Level 2.2 Dodging
 + Level 4.7 Stealth
 + Level 1.0 Evocations


You had 2 spell levels left.
You didn't know any spells.
Your spell library was empty.

Dungeon Overview and Level Annotations

Branches:
Dungeon (5/15)
 Temple: D:4-7

Altars:

Shops:
D:4 *

Annotations:
D:2 Natasha, Robin


Innate Abilities, Weirdness & Mutations

You have a pair of small antennae on your head.
Your movements are slightly less encumbered by armour. (ER -2)


Message History

You miss the goblin. The goblin hits you with a +0 dagger.
Natasha, Servant of Life and Death comes into view.
The hobgoblin shouts!
You hit the goblin.
You kill the goblin!
You hear a shout! x3
You reach to attack!
You hit the hobgoblin.
You kill the hobgoblin!
Natasha casts a spell at you.
You feel yourself slow down.
Natasha mumbles some strange words.
Natasha casts a spell.
Things that are here:
a +0 dagger; a goblin corpse You closely miss the shadow imp.
The shadow imp hits you but does no damage.
You barely miss the shadow imp. The shadow imp barely misses you.
The crimson imp laughs crazily.
You closely miss the crimson imp.
Natasha growls.
Natasha casts a spell.
The crimson imp hits you.
You hit the crimson imp.
The crimson imp is lightly wounded.
The crimson imp closely misses you.
The crimson imp blinks!
You reach to attack!
You hit Natasha.
Natasha is moderately wounded.
Natasha claws you!
You hit Natasha but do no damage.
Natasha is moderately wounded.
Natasha mumbles some strange words.
You feel troubled. Natasha claws you.
An orc comes into view. It is wielding a +0 whip.
The crimson imp blinks!
Natasha closely misses you. Natasha attacks as you move away!
Natasha claws you but does no damage. The orc hits you with a +0 whip.
The crimson imp hits you.
Natasha stares at you and mumbles some strange words.
The magic dart hits you!
You die...

.. #.#..# .###.#..#
..#.#..# ...#..#
#....# #
##.####..#.##.#
#...5h.o5.....#
#.#.###@...########
# #.#..........
...#..#######.
#.#.#......#
#.###....#.#
#.......)#
######.|.#####
##......# #..###.#


You could see Natasha, 2 crimson imps and an orc.

Vanquished Creatures
  A jelly (D:4)
  5 goblins
  3 hobgoblins
  2 jackals (D:4)
  A kobold (D:4)
  A quokka (D:2)
  3 rats (D:3)
16 creatures vanquished.

Notes
Turn   | Place    | Note
-------+----------+-------------------------------------------
     0 | D:5      | flotson the Demonspawn Delver began the quest for the Orb.
     0 | D:5      | Reached XP level 1. HP: 18/18 MP: 1/1
    12 | D:5      | Noticed a hound
   148 | D:4      | Found Leid's General Store.
   198 | D:4      | Noticed a jelly
   257 | D:4      | Killed a jelly
   258 | D:4      | Gained mutation: Your movements are slightly less
                  | encumbered by armour. (ER -2) [demonic ancestry]
   258 | D:4      | Reached XP level 2. HP: 5/24 MP: 2/2
   258 | D:4      | Gained mutation: You have a pair of small antennae on your
                  | head. [demonic ancestry]
   258 | D:4      | Reached XP level 3. HP: 6/29 MP: 3/3
   575 | D:4      | Noticed an ogre
   741 | D:2      | Noticed Robin
   829 | D:2      | Reached skill level 1 in Evocations
   867 | D:2      | Noticed Natasha
   878 | D:2      | Killed from afar by Natasha

Illustrated notes

Levels and vault maps discovered:
D:2:      layout_basic, basic_altar, uniq_terence, uniq_robin, uniq_natasha
D:3:      layout_rooms, hex_medium, kennysheep_small_spiral,
          chequers_serial_rivers_marsh, uniq_crazy_yiuf_cottage
D:4:      layout_basic, gammafunk_ghost_necromancy, serial_shops,
          nicolae_shop_hallway_plus
D:5:      layout_loops_cross, serial_shops, nicolae_shop_behind_doors,
          kennysheep_small_square

Skill      XL: |  1  2  3 |
---------------+----------+-----
Dodging        | 2 |  2.2
Evocations     | 1 |  1.0
Fighting       | |  3.2
Axes           | |  0.8
Polearms       | |  1.7
Armour         | |  0.9
Stealth        | |  4.7

Action                   || total
-------------------------++-------
Melee: Spear             ||    58
       Punch             ||     1
Evoke: Wand              ||     1
  Use: Scroll            ||     1
       Potion            ||     1
Armor: Ring mail         ||    26
Dodge: Dodged            ||    35

Table legend: (Time is in decaauts)
 A = Elapsed time spent in this place.
 B = Non-inter-level travel time spent in this place.
 C = Inter-level travel time spent in this place.
 D = Time resting spent in this place.
 E = Time spent auto-exploring this place.
 F = Levels seen in this place.
 G = Mean time per level.
                   A        B        C        D        E       F      G
               +--------+--------+--------+--------+--------+-----+--------+
         Total |    864 |    834 |     30 |    245 |    325 |   4 |  216.0 |
       Dungeon |    864 |    834 |     30 |    245 |    325 |   4 |  216.0 |
               +--------+--------+--------+--------+--------+-----+--------+

Top non-repeatable levels by time:
     D:4: 628 daAuts
     D:3: 94 daAuts
     D:2: 83 daAuts
     D:5: 58 daAuts
